 Dungeon Crawl Stone Soup version 0.29.0-4-gdea44cf6ec (webtiles) character file.

Game seed: 2869537133510228438

275 qw the Chopper (level 6, 0/47 HPs)
             Began as a Demonspawn Cinder Acolyte on Sept 8, 2022.
             Was a Priest of Ignis.
             Slain by a scorpion (6 damage)
             ... on level 4 of the Dungeon.
             The game lasted 00:01:23 (3871 turns).

qw the Chopper (Demonspawn Cinder Acolyte)          Turns: 3871, Time: 00:01:24

Health: 0/47       AC: 19    Str: 17    XL:     6   Next: 3%
Magic:  7/7        EV:  5    Int: 15    God:    Ignis [***...]
Gold:   215        SH:  0    Dex:  8    Spells: 7/7 levels left

rFire   + . .      SeeInvis .   Y - +0 war axe
rCold   . . .      Faith    .   (no shield)
rNeg    . . .      Spirit   .   h - +0 plate armour
rPois   .          Reflect  .   (no helmet)
rElec   .          Harm     .   (no cloak)
rCorr   .          Rampage  .   (no gloves)
Will    .....                   (no boots)
Stlth   ..........              a - amulet of regeneration
HPRegen 0.95/turn               (no ring)
MPRegen 0.10/turn               (no ring)

@: lethally poisoned (0 -> -9), fiery-armoured
A: slimy green scales 1
a: Renounce Religion, Fiery Armour, Foxfire Swarm, Rising Flame


You were on level 4 of the Dungeon.
You worshipped Ignis.
Ignis was most pleased with you.
You visited 1 branch of the dungeon, and saw 4 of its levels.

You collected 215 gold pieces.


Innate Abilities, Weirdness & Mutations

You are partially covered in slimy green scales. (AC +2)


   Skills:
 - Level 3.0 Fighting
 + Level 5.7 Axes
 - Level 2.0 Armour
 - Level 1.0 Spellcasting
 - Level 2.6 Fire Magic


You had 7 spell levels left.
You didn't know any spells.
Your spell library contained the following spells:

 Spells                   Type           Power      Damage    Failure   Level
 Scorch                   Fire           16%        2d6       100%        2

Inventory:

Hand Weapons
 k - a -1 hand axe of flaming
 Y - a +0 war axe (weapon)
Armour
 h - a +0 plate armour (worn)
Jewellery
 a - an amulet of regeneration (around neck)
Scrolls
 f - a scroll of teleportation
Potions
 b - a potion of invisibility {unknown}
 c - a potion of heal wounds
 d - 4 potions of curing
 e - a potion of might
 g - 2 potions of haste {unknown}
 i - a potion of cancellation
 j - a potion of attraction {unknown}

Dungeon Overview and Level Annotations

Branches:
Dungeon (4/15)
 Temple: D:4-7

Altars:
Nemelex Xobeh
Trog
Wu Jian


Message History

You feel very sick. The scorpion barely misses you. The scorpion stings you.
You barely miss the scorpion.
The scorpion is moderately wounded.
You feel very sick. The scorpion stings you.
You are more poisoned.
The scorpion poisons you!
You hit the scorpion.
The scorpion is heavily wounded.
You feel very sick.
The scorpion stings you but does no damage.
You barely miss the scorpion.
The scorpion is heavily wounded.
You feel very sick. The scorpion barely misses you. x2
You hit the scorpion but do no damage.
The scorpion is heavily wounded.
You feel very sick. The scorpion stings you.
You are more poisoned.
The scorpion poisons you!
You barely miss the scorpion.
The scorpion is heavily wounded.
You feel very sick. The scorpion stings you.
You are lethally poisoned!
The scorpion poisons you!
The scorpion stings you but does no damage.
3870 ||| INVOKING Fiery Armour.
A protective cloak of flame settles atop you.
You feel very sick.
The scorpion stings you but does no damage.
The scorpion is burned by your cloak of flames.
The scorpion is severely wounded.
You hit the scorpion.
The scorpion is almost dead.
You feel extremely sick. The scorpion stings you.
You die...

#........ ...
##....... #.#
##.....# #.#
##...## ... ##)##
#.# #.# #.#
#####.# #s#
#.....## #@#
#.##...## #.#
#.#.....#
#.########.##.....
#...........#..###
##########.....#
#.###.# #.....#
#######


You could see a scorpion.

Vanquished Creatures
  A hound (D:4)
  An orc priest (D:4)
  An iguana (D:4)
  Natasha (thrice) (D:2)
  2 adders
  10 orcs
  3 bats (D:1)
  5 endoplasms
  6 giant cockroaches
  7 goblins
  10 hobgoblins
  9 jackals
  5 quokkas
  11 ball pythons
  A frilled lizard (D:1)
  3 kobolds
  5 rats
83 creatures vanquished.

Notes
Turn   | Place    | Note
-------+----------+-------------------------------------------
     0 | D:1      | qw the Demonspawn Cinder Acolyte began the quest for the
                  | Orb.
     0 | D:1      | Reached XP level 1. HP: 18/18 MP: 2/2
     0 | D:1      | 0 ||| qw: Version: 0.1-a-111-g1c1fd2e
     0 | D:1      | 0 ||| qw: Game counter: 6584
     0 | D:1      | 0 ||| qw: Always use a shield: true
     0 | D:1      | 0 ||| qw: God list: Okawaru
     0 | D:1      | 0 ||| qw: Allow faded altars: false
     0 | D:1      | 0 ||| qw: Do Orc after D:15 true
     0 | D:1      | 0 ||| qw: Do second Lair branch before Depths: true
     0 | D:1      | 0 ||| qw: Lair rune preference: random
     0 | D:1      | 0 ||| qw: Plans: Normal
     0 | D:1      | 0 ||| PLANNING D:1-11
   183 | D:1      | Reached skill level 3 in Axes
   303 | D:1      | 303 ||| INVOKING Fiery Armour.
   305 | D:1      | Gained mutation: You are partially covered in slimy green
                  | scales. (AC +2) [demonic ancestry]
   305 | D:1      | Reached XP level 2. HP: 12/24 MP: 3/3
  1147 | D:1      | 1147 ||| INVOKING Fiery Armour.
  1379 | D:1      | Reached XP level 3. HP: 17/29 MP: 4/4
  1554 | D:1      | 1554 ||| UPGRADING to +1 ring mail of fire resistance.
  1564 | D:1      | 1564 ||| DROPPING +0 robe.
  1565 | D:1      | 1565 ||| UPGRADING to +0 plate armour.
  1575 | D:1      | 1575 ||| DROPPING +1 ring mail of fire resistance.
  1576 | D:1      | 1576 ||| READING scroll labelled TOCOLA NEONAXIM.
  1577 | D:1      | 1577 ||| READING scroll labelled LUMI GOINESOIC.
  1578 | D:1      | 1578 ||| DRINKING 3 white potions.
  1579 | D:1      | 1579 ||| DRINKING 2 lumpy grey potions.
  1580 | D:1      | 1580 ||| Stepping randomly (stuck).
  1581 | D:1      | 1581 ||| Stepping ~*~*~tactically~*~*~ (cloud).
  1589 | D:1      | HP: 7/29 [poisoned by you (poison gas)]
  2070 | D:2      | Reached skill level 1 in Armour
  2107 | D:2      | 2107 ||| Stepping ~*~*~tactically~*~*~ (stealth).
  2236 | D:2      | Reached skill level 4 in Axes
  2268 | D:2      | Found a faded altar of an unknown god.
  2284 | D:2      | Noticed Natasha
  2285 | D:2      | 2285 ||| Stepping ~*~*~tactically~*~*~ (hiding).
  2292 | D:2      | Killed Natasha
  2293 | D:2      | Reached XP level 4. HP: 35/35 MP: 5/5
  2402 | D:2      | Found an ornate altar of the Wu Jian Council.
  2403 | D:2      | Noticed Natasha
  2405 | D:2      | 2405 ||| Stepping ~*~*~tactically~*~*~ (hiding).
  2424 | D:2      | 2424 ||| INVOKING Fiery Armour.
  2425 | D:2      | Killed Natasha
  2586 | D:2      | Noticed Natasha
  2587 | D:2      | 2587 ||| Stepping ~*~*~tactically~*~*~ (stealth).
  2594 | D:2      | Killed Natasha
  2668 | D:2      | Reached skill level 5 in Axes
  2758 | D:2      | 2758 ||| READING scroll labelled REALEL MOUGIUGH.
  2759 | D:2      | 2759 ||| DRINKING 2 inky potions.
  2790 | D:3      | 2790 ||| Stepping ~*~*~tactically~*~*~ (stealth).
  2803 | D:3      | 2803 ||| Stepping ~*~*~tactically~*~*~ (stealth).
  2810 | D:3      | Reached XP level 5. HP: 41/41 MP: 6/6
  2851 | D:3      | 2851 ||| Stepping ~*~*~tactically~*~*~ (stealth).
  2852 | D:3      | 2852 ||| Stepping ~*~*~tactically~*~*~ (stealth).
  2862 | D:3      | 2862 ||| Stepping ~*~*~tactically~*~*~ (stealth).
  2946 | D:3      | 2946 ||| SWAPPING to +0 war axe.
  2987 | D:3      | Found a sparkling altar of Nemelex Xobeh.
  3167 | D:3      | Found a bloodstained altar of Trog.
  3407 | D:3      | 3407 ||| UPGRADING to amulet of regeneration.
  3412 | D:3      | 3412 ||| READING scroll labelled SORITH GO YTA.
  3415 | D:3      | 3415 ||| READING scroll labelled BATUNT EPSAD.
  3416 | D:3      | 3416 ||| READING scroll labelled WEINEL UFYM.
  3453 | D:4      | 3453 ||| STAIRDANCE
  3467 | D:4      | 3467 ||| Stepping ~*~*~tactically~*~*~ (stealth).
  3512 | D:4      | 3512 ||| FLEEEEING.
  3513 | D:4      | 3513 ||| FLEEEEING.
  3514 | D:4      | 3514 ||| FLEEEEING.
  3516 | D:4      | 3516 ||| FLEEEEING.
  3517 | D:4      | 3517 ||| FLEEEEING.
  3518 | D:4      | 3518 ||| FLEEEEING.
  3519 | D:4      | 3519 ||| FLEEEEING.
  3520 | D:4      | 3520 ||| FLEEEEING.
  3521 | D:4      | 3521 ||| FLEEEEING.
  3522 | D:4      | 3522 ||| FLEEEEING.
  3527 | D:4      | 3527 ||| INVOKING Fiery Armour.
  3540 | D:4      | Reached XP level 6. HP: 26/47 MP: 7/7
  3870 | D:4      | 3870 ||| INVOKING Fiery Armour.
  3871 | D:4      | HP: 6/47 [poisoned by a scorpion]
  3871 | D:4      | Slain by a scorpion

Levels and vault maps discovered:
D:1:      mushboom_english_gardens, layout_loops_cross
D:2:      layout_basic, basic_altar, shapermc_ecumenical_altar_notcrosses,
          uniq_natasha
D:3:      layout_rooms, mainiacjoe_overflow_brackets,
          nicolae_overflow_crystal_walls, general_overflow_altar,
          nicolae_figureground_sparkle
D:4:      layout_loops_corners, kennysheep_slug_shrine,
          minmay_temple_entry_large_hall

Skill      XL: |  1  2  3  4  5 |
---------------+----------------+-----
Axes           | 3 4 5 |  5.7
Armour         | 1 2 |  2.0
Fighting       | |  3.0
Spellcasting   | |  1.0
Fire Magic     | |  2.6

Action                   |  1- 3 |  4- 6 || total
-------------------------+-------+-------++-------
Melee: Hand axe          |   149 |    55 ||   204
       War axe           |       |    81 ||    81
       Punch             |       |     1 ||     1
Throw: Boomerang         |     6 |       ||     6
Invok: Fiery Armour      |     2 |     3 ||     5
  Use: Scroll            |     2 |     4 ||     6
       Potion            |     2 |     1 ||     3
Armor: Robe              |    33 |       ||    33
       Plate armour      |    31 |    94 ||   125
Dodge: Dodged            |    75 |    28 ||   103

Table legend:
 A = Non-vault XP
 B = Vault XP
 C = Vault XP percentage of total XP
 D = Non-vault monster count
 E = Vault monster count
 F = Vault count percentage of total count
                 A         B        C        D         E       F
            +---------+---------+-------+---------+---------+-------
      Total |     359 |      35 |   8.9 |      82 |       1 |   1.2
            +---------+---------+-------+---------+---------+-------
        D:1 |      44 |       0 |   0.0 |      26 |       0 |   0.0
        D:2 |     110 |      35 |  24.1 |      17 |       1 |   5.6
        D:3 |      39 |       0 |   0.0 |      21 |       0 |   0.0
        D:4 |     166 |       0 |   0.0 |      18 |       0 |   0.0
            +---------+---------+-------+---------+---------+-------
